 Dungeon Crawl Stone Soup version 0.17.2-1-ge4368a0 (webtiles) character file.

13 magog001 the Sneak (level 2, 0/22 HPs)
             Began as a Naga Wizard on Sept 30, 2016.
             Slain by a hobgoblin (5 damage)
             ... on level 1 of the Dungeon.
             The game lasted 00:06:13 (402 turns).

magog001 the Sneak (Naga Wizard)                     Turns: 402, Time: 00:06:13

Health: 0/22       AC:  1    Str:  9    XL:     2   Next: 37%
Magic:  2/6        EV: 10    Int: 18    God:
Gold:   30         SH:  0    Dex:  9    Spells: 2 memorised, 4 levels left

rFire  . . .     SeeInvis +     h - +0 short sword
rCold  . . .     Clarity  .     a - +0 robe
rNeg   . . .     SustAt   .     (no shield)
rPois  +         Gourm    .     b - +0 hat
rElec  .         Spirit   .     (no cloak)
rCorr  .         Warding  .     (no gloves)
rMut   .         Stasis   .     (no barding)
MR     .....                    (no amulet)
Stlth  ++........               (no ring)
                                (no ring)

@: very slightly contaminated, repel missiles, very slow, not resistant to
hostile enchantments, unstealthy
A: see invisible, deformed body, poison resistance, slowness 2, slow metabolism
1, spit poison 2, AC +0
a: Spit Poison


You were on level 1 of the Dungeon.
You were not hungry.

You visited 1 branch of the dungeon, and saw 1 of its levels.

You collected 30 gold pieces.

Inventory:

Hand Weapons
 h - a +0 short sword (weapon)
 k - a +0 mace
 m - a +0 whip
 p - a +0 dagger
Missiles
 e - 16 stones (quivered)
 j - 23 bolts
Armour
 a - a +0 robe (worn)
 b - a +0 hat (worn)
Scrolls
 i - a scroll of remove curse {unknown}
 l - a scroll of blinking {unknown}
 n - a scroll of amnesia {unknown}
Potions
 g - 2 potions of curing {unknown}
Books
 c - a book of Minor Magic

   Spells                             Type                      Level
   a - Magic Dart                     Conjuration                  1
   b - Blink                          Translocation                2
   c - Call Imp                       Summoning                    2
   d - Repel Missiles                 Charms/Air                   2
   e - Slow                           Hexes                        2
   f - Conjure Flame                  Conjuration/Fire             3
   g - Mephitic Cloud                 Conjuration/Poison/Air       3
Comestibles
 d - a bread ration
 f - 2 chunks of flesh


   Skills:
 * Level 0.2 Fighting
 * Level 1.8 Dodging
 + Level 3.3 Stealth
 + Level 3.2 Spellcasting
 + Level 1.0 Conjurations
   Level 1.0 Summonings
   Level 1.0 Translocations


You had 4 spell levels left.
You knew the following spells:

 Your Spells              Type           Power        Failure   Level  Hunger
a - Magic Dart            Conj           #...         12%         1    None
b - Repel Missiles        Chrm/Air       #.....       28%         2    ##.....


Dungeon Overview and Level Annotations

Branches:
Dungeon (1/15)

Altars:


Innate Abilities, Weirdness & Mutations

You cannot wear boots.
Your serpentine skin is tough (AC +0).
You have supernaturally acute eyesight.
Armour fits poorly on your strangely shaped body.
Your system is resistant to poisons.
You cover ground very slowly.
You have a slow metabolism.
You can spit poison.


Message History

Aim: a hobgoblin You miscast Magic Dart.
You are very lightly contaminated with residual magic.
Nothing appears to happen.
Casting: Magic Dart
Confirm with . or Enter, or press ? or * to list all spells.
Aiming: Magic Dart
Press: ? - help, Shift-Dir - straight line, f/p - hobgoblin
Aim: a hobgoblin The magic dart hits the hobgoblin.
The hobgoblin is heavily wounded.
Casting: Magic Dart
Confirm with . or Enter, or press ? or * to list all spells.
Aiming: Magic Dart
Press: ? - help, Shift-Dir - straight line, f/p - hobgoblin
Aim: a hobgoblin (heavily wounded)
You miscast Magic Dart.
Your skin tingles.
The hobgoblin barely misses you. The hobgoblin hits you.
You die...

#.. ##........#.###.#
..###.............#.# ##
...............#.#.# # #.
#.......#....###...# #.
###.#####.#..#.##.#### ##...
###.##...#.....#.......# #...
.......##...........#..## ###...
........#........#.###..####.....
...............g@..............)#
.......†..(.((.(#######.........#
####..###.......# ######....# #.
#.......# #....# #. ##.....##
###### # #######


You could see a hobgoblin.

Vanquished Creatures
  A bat (D:1)
  3 goblins (D:1)
  A hobgoblin (D:1)
  2 kobolds (D:1)
  6 rats (D:1)
13 creatures vanquished.

Notes
Turn   | Place    | Note
--------------------------------------------------------------
     0 | D:1      | magog001 the Naga Wizard began the quest for the Orb.
     0 | D:1      | Reached XP level 1. HP: 15/15 MP: 4/4
   182 | D:1      | Reached XP level 2. HP: 17/22 MP: 1/6
   228 | D:1      | Learned a level 2 spell: Repel Missiles
   355 | D:1      | HP: 1/22 [kobold/stone (3)]
   402 | D:1      | Slain by a hobgoblin

Action                   || total
-------------------------++-------
Melee: Unarmed           ||     7
       Short sword       ||    26
 Cast: Magic Dart        ||    20
       Repel Missiles    ||     1
